 Dungeon Crawl Stone Soup version 0.28.0-49-g6dfe1f597d (webtiles) character file.

Game seed: 2856402261752087691

91 GigaChad the Skirmisher (level 4, -21/41 HPs)
             Began as a Minotaur Fighter on May 11, 2022.
             Demolished by an ogre
             ... wielding a +0 giant spiked club
              (30 damage)
             ... on level 4 of the Dungeon on May 12, 2022.
             The game lasted 00:07:32 (2863 turns).

GigaChad the Skirmisher (Minotaur Fighter)          Turns: 2863, Time: 00:07:33

Health: -21/41     AC:  9    Str: 23    XL:     4   Next: 33%
Magic:  3/3        EV:  8    Int:  5    God:
Gold:   1222       SH:  0    Dex: 12    Spells: 3/3 levels left

rFire   . . .      SeeInvis .   j - +12 battleaxe "Nont" {holy, Dex+3}
rCold   . . .      Faith    .   (shield currently unavailable)
rNeg    . . .      Spirit   .   e - +0 chain mail
rPois   .          Reflect  .   (helmet restricted)
rElec   .          Harm     .   (no cloak)
rCorr   .          Rampage  .   (no gloves)
Will    .....                   (no boots)
Stlth   ..........              (no amulet)
HPRegen 0.13/turn               (no ring)
MPRegen 0.08/turn               (no ring)

@: no status effects
A: horns 2, retaliatory headbutt
a: no special abilities


You were on level 4 of the Dungeon.
You visited 1 branch of the dungeon, and saw 4 of its levels.

You collected 1222 gold pieces.

Inventory:

Hand Weapons
 a - a +0 long sword of flaming
 j - the +12 battleaxe "Nont" (weapon) {holy, Dex+3}
   (You found it on level 4 of the Dungeon)

   It has been blessed by the Shining One to cause great damage to the undead
   and demons.
   Dex:       It affects your dexterity (+3).
Armour
 b - a +0 scale mail
 c - a +0 buckler
 e - a +0 chain mail (worn)
Scrolls
 f - a scroll of fog
 i - a scroll of teleportation {unknown}
Potions
 d - a potion of might
 g - 4 potions of haste {unknown}
 h - a potion of brilliance {unknown}
 l - a potion of curing {unknown}


   Skills:
 + Level 4.6 Fighting
 + Level 3.4 Long Blades
 + Level 4.3 Armour
 + Level 0.7 Dodging
 + Level 4.1 Shields


You had 3 spell levels left.
You didn't know any spells.
Your spell library contained the following spells:

 Spells                   Type           Power      Damage    Failure   Level
 Animate Skeleton         Necr           0%         N/A       99%         1
 Magic Dart               Conj           0%         1d3       99%         1
 Pain                     Necr           0%         1d4       99%         1
 Searing Ray              Conj           0%         2d4       99%         2
 Dazzling Flash           Conj/Hex       0%         N/A       100%        3
 Gell's Gravitas          Tloc           0%         N/A       100%        3
 Teleport Other           Tloc           0%         N/A       100%        3
 Vampiric Draining        Necr           0%         2d6       100%        3
 Fulminant Prism          Conj/Hex       0%         3d6       100%        4
 Petrify                  Tmut/Erth      0%         N/A       100%        4
 Agony                    Necr           0%         N/A       100%        5
 Metabolic Englaciation   Hex/Ice        0%         N/A       100%        5
 Silence                  Hex/Air        0%         N/A       100%        5
 Dispersal                Tloc           0%         N/A       100%        6
 Statue Form              Tmut/Erth      0%         N/A       100%        6


Dungeon Overview and Level Annotations

Branches:
Dungeon (4/15)
 Temple: D:4-7

Altars:

Annotations:
D:3 3 runed translucent doors, ShadowYui's ghost, amateur HuFi


Innate Abilities, Weirdness & Mutations

You have a pair of horns on your head.
You reflexively headbutt those who attack you in melee.


Message History

Found an ichor-stained battleaxe.
i - a scroll labelled XITTOIKLAE You see here the +12 battleaxe "Nont" {holy, Dex+3}.
j - the +12 battleaxe "Nont" {holy, Dex+3} You can't wield that with only one hand.
You start removing your armour.
You continue taking off your +0 buckler. x4
You finish taking off your +0 buckler.
Your +0 long sword of flaming stops flaming.
You feel agile.
The +12 battleaxe "Nont" {holy, Dex+3} softly glows with a divine radiance!
j - the +12 battleaxe "Nont" (weapon)
{holy, Dex+3} A ball python comes into view.
The ball python hisses angrily.
An ogre comes into view. It is wielding a +0 giant spiked club.
The ball python bites you but does no damage.
The ball python closely misses you.
The ball python bites you but does no damage.
The ball python grabs you. The ball python constricts you.
You barely miss the ball python. You slash the ogre!
The ball python barely misses you. The ball python constricts you.
The ogre hits you with a +0 giant spiked club!!
The ball python completely misses you. You furiously retaliate!
You headbutt the ball python!
You kill the ball python!
The ogre hits you with a +0 giant spiked club!
* * * LOW HITPOINT WARNING * * *
You see here a ball python corpse.
You completely miss the ogre. Your headbutt misses the ogre.
The ogre is heavily wounded.
The ogre barely misses you.
You slash the ogre!
The ogre is almost dead.
The ogre closely misses you.
You barely miss the ogre.
The ogre is almost dead.
The ogre barely misses you.
The ogre hits you with a +0 giant spiked club!!
Ouch! That really hurt!
You die...

#............. ...
............. #... ...
...........##... . #...
.............. . .##...
###..........# # ......
#...........# ###.
.....##...........###...
................(......#
#.O@#...............
#...#.............#.
#...............#...
#.................##...
##.#...###.........#...
#.######...#.....##... #
###...##....##...
#.....##.........
###.........#....


You could see an ogre.

Vanquished Creatures
  2 adders (D:2)
  2 dart slugs
  An orc (D:3)
  4 ball pythons
  4 bats (D:1)
  6 endoplasms
  A giant cockroach (D:1)
  7 goblins
  8 hobgoblins
  5 jackals (D:1)
  A quokka (D:2)
  3 frilled lizards
  13 kobolds
  7 rats
64 creatures vanquished.

Notes
Turn   | Place    | Note
-------+----------+-------------------------------------------
     0 | D:1      | GigaChad the Minotaur Fighter began the quest for the Orb.
     0 | D:1      | Reached XP level 1. HP: 19/19 MP: 0/0
    83 | D:1      | Reached XP level 2. HP: 15/27 MP: 1/1
   765 | D:1      | Reached XP level 3. HP: 31/33 MP: 2/2
   793 | D:1      | Found a faded altar of an unknown god.
  1553 | D:2      | Reached XP level 4. HP: 36/41 MP: 3/3
  2263 | D:3      | Found a runed translucent gate.
  2265 | D:3      | Found a runed translucent gate.
  2265 | D:3      | Noticed ShadowYui's ghost (amateur HuFi)
  2266 | D:3      | Found a runed translucent gate.
  2297 | D:3      | Identified a scroll of acquirement
  2297 | D:3      | Acquired 1138 gold pieces
  2838 | D:4      | Identified the +12 battleaxe "Nont" {holy, Dex+3}
  2854 | D:4      | Noticed an ogre
  2863 | D:4      | Demolished by an ogre

Illustrated notes

Levels and vault maps discovered:
D:1:      dpeg_arrival_ratfight, layout_rooms,
          hellmonk_ecumenical_altar_dog_temple, hangedman_decor_diamond_cutter,
          dk_noncrumbling_4, minivault_14, supply_closet_lemuel,
          chequers_serial_rivers_marsh, amcnicky_mini_pool_small
D:2:      layout_loops_cross, hangedman_feature_mirror
D:3:      layout_basic, biasface_ghost_orc_armoury
D:4:      layout_cave_pools, minmay_temple_entry_water_ring,
          nicolae_grassy_gnolls

Skill      XL: |  1  2  3 |
---------------+----------+-----
Fighting       | 4 |  4.6
Armour         | 4 |  4.3
Shields        | 4 |  4.1
Long Blades    | 3 |  3.4
Dodging        | |  0.7

Action                   |  1- 3 |  4- 6 || total
-------------------------+-------+-------++-------
Melee: Long sword        |   113 |    30 ||   143
       Headbutt          |    12 |     4 ||    16
       Battleaxe         |       |     4 ||     4
  Use: Scroll            |       |     6 ||     6
Armor: Scale mail        |    53 |    12 ||    65
       Chain mail        |       |     5 ||     5
Dodge: Dodged            |    63 |    23 ||    86
Block: Buckler           |    33 |     5 ||    38
